Map: Beckett Industries LE

Players

Play

  • Race: Terran Terran
  • League: Master

OldClem - Winner!

  • Race: Terran Terran
  • League: Diamond

VOD

Have the link to the VOD?

Description

is this clem?

Time

  • Played on: Nov. 3, 2021, 10:12 a.m.
  • Length: 7:35
Show
View Real Time Build Order
Export as new Build Order

Play Terran 

Build Orders:  

Get SALT Encoding   

  12  0:00  SCV  
  13  0:12  SCV  
  14  0:17  Supply Depot  
  14  0:24  SCV  
  15  0:39  SCV  
  15  0:41  Barracks  
  16  0:46  Refinery  
  16  0:51  SCV  
  17  1:03  SCV  
  18  1:15  SCV  
  19  1:28  Orbital Command  
  19  1:30  Barracks Reactor  
  19  1:41  Command Center  
  19  1:50  Supply Depot  
  19  1:55  SCV  
  20  2:04  Refinery  
  20  2:10  Marine x2  
  20  2:13  SCV  
  23  2:17  Factory  
  23  2:28  Marine x2  
  23  2:37  SCV  
  24  2:45  Marine  
  24  2:46  Marine  
  24  2:49  SCV  
  24  2:50  Bunker  
  26  3:01  SCV  
  27  3:09  Widow Mine, Starport  
  29  3:18  Orbital Command  
  28  3:21  Marine  
  28  3:22  Marine  
  28  3:23  SCV  
  31  3:36  Widow Mine, SCV  
  31  3:40  Marine x2  
  36  3:46  SCV  
  37  3:48  SCV  
  37  3:50  Starport Reactor  
  37  3:52  Viking  
  40  3:57  Supply Depot  
  40  4:00  SCV  
  40  4:01  Factory Tech Lab  
  40  4:10  Marine x2  
  40  4:13  SCV  
  40  4:14  SCV  
  44  4:19  Supply Depot  
  44  4:25  SCV  
  42  4:34  Siege Tank  
  47  4:43  Barracks  
  45  4:49  Viking  
  45  4:50  SCV x2  
  43  5:06  SCV  
  45  5:07  Barracks x2  
  45  5:10  SCV  
  43  5:25  SCV  
  44  5:30  Orbital Command  
  39  5:43  Marine  
  39  5:46  SCV  
  39  5:49  Banshee  
  43  5:50  Barracks  
  43  6:04  Marine x3  
  44  6:14  Factory  
  44  6:26  SCV  
  44  6:30  Marine x2  
  44  6:31  Marine  
  45  6:38  SCV  
  43  6:49  Marine x3  
  42  7:04  Factory Tech Lab  
  42  7:05  Supply Depot  
  42  7:06  Marine, Supply Depot  
  42  7:07  Marine  
  20  7:16  Marine  
Show
View Real Time Build Order
Export as new Build Order

OldClem Terran - Winner!

Build Orders:  

Get SALT Encoding   

  12  0:00  SCV  
  13  0:12  SCV  
  14  0:17  Supply Depot  
  14  0:24  SCV  
  15  0:39  Barracks, SCV  
  16  0:44  Refinery  
  16  0:51  SCV  
  16  0:56  Refinery  
  17  1:03  SCV  
  18  1:15  SCV  
  19  1:27  Reaper, Supply Depot  
  19  1:29  Orbital Command  
  20  1:44  Factory  
  20  1:55  SCV  
  20  1:59  Barracks Reactor  
  21  2:07  SCV  
  22  2:12  Supply Depot  
  22  2:19  SCV  
  23  2:29  Factory Tech Lab  
  23  2:30  Starport  
  23  2:31  SCV  
  23  2:36  Marine x2  
  26  2:43  SCV  
  27  2:49  Siege Tank  
  30  2:54  Marine x2  
  32  3:06  Medivac  
  34  3:19  Command Center  
  34  3:26  SCV  
  35  3:29  Factory Tech Lab  
  35  3:30  Supply Depot  
  35  3:38  SCV  
  36  3:44  Raven  
  38  3:50  SCV  
  38  3:52  Marine  
  38  3:53  Refinery, Marine  
  41  4:02  SCV  
  42  4:13  Marine x2  
  42  4:14  SCV  
  45  4:25  Siege Tank  
  45  4:30  SCV  
  45  4:31  Marine x2  
  50  4:34  Orbital Command  
  50  4:39  Raven  
  50  4:42  SCV  
  53  4:48  Marine x2  
  53  4:55  SCV, Supply Depot  
  54  5:04  Siege Tank  
  54  5:05  SCV  
  54  5:06  Marine  
  59  5:07  SCV  
  57  5:17  SCV  
  57  5:19  SCV  
  59  5:26  Marine  
  59  5:27  Marine  
  60  5:29  SCV  
  60  5:31  SCV  
  60  5:36  Siege Tank  
  60  5:38  Raven  
  60  5:41  SCV  
  66  5:43  SCV  
  66  5:44  Marine x2  
  69  5:53  SCV  
  69  5:55  SCV  
  70  6:02  Marine  
  66  6:05  SCV  
  66  6:07  SCV  
  66  6:08  Siege Tank  
  68  6:13  Marine  
  68  6:17  SCV  
  70  6:23  Supply Depot  
  70  6:30  SCV x2  
  70  6:33  Refinery, Supply Depot  
  70  6:36  Marine  
  70  6:37  Marine  
  70  6:40  Command Center  
  70  6:44  Cyclone, Raven  
  75  6:49  SCV  
  75  6:50  SCV, Supply Depot  
  75  6:51  Engineering Bay  
  75  6:54  Marine x2  
  79  7:06  SCV  
  80  7:11  Marine  
  80  7:12  Marine  
  79  7:18  SCV  
  82  7:34  Barracks, Engineering Bay  
  82  7:35  Barracks  
Tags
 
Add a new tag
Caveats
  • Supply blocks, unpowered buildings, or Contaminate may cause inaccurate times.
  • Supply counts are checked every 10 seconds.